 Dungeon Crawl Stone Soup version 0.20.1-1-g8b1a95d (webtiles) character file.

105 FollowTheCloud the Slasher (level 4, -3/37 HPs)
             Began as a Barachi Gladiator on Aug 28, 2017.
             Slain by a gnoll
             ... wielding a +0 halberd
              (10 damage)
             ... on level 3 of the Dungeon.
             The game lasted 00:03:58 (2117 turns).

FollowTheCloud the Slasher (Barachi Gladiator)      Turns: 2117, Time: 00:03:58

Health: -3/37      AC:  4    Str: 22    XL:     4   Next: 81%
Magic:  4/4        EV: 13    Int:  8    God:
Gold:   62         SH:  0    Dex: 13    Spells: 3/3 levels left

rFire    . . .     SeeInvis .   a - +0 long sword
rCold    . . .     Gourm    .   (no shield)
rNeg     . . .     Faith    .   b - +0 leather armour
rPois    .         Spirit   .   s - +0 helmet (curse)
rElec    .         Reflect  .   (no cloak)
rCorr    .         Harm     .   (no gloves)
MR       .....                  (no boots)
Stlth    +.........             (no amulet)
Regen    0.2/turn               o - +5 ring of strength (curse)
MPRegen  0.1/turn               (no ring)

@: slow
A: +LOS, swims, slowness 1, strong legs 1
a: Hop


You were on level 3 of the Dungeon.
You were not hungry.

You visited 1 branch of the dungeon, and saw 3 of its levels.

You collected 62 gold pieces.

Inventory:

Hand Weapons
 a - a +0 long sword (weapon)
Missiles
 d - 3 throwing nets (quivered)
Armour
 b - a +0 leather armour (worn)
 s - a cursed +0 helmet (worn)
Jewellery
 o - a cursed +5 ring of strength (left hand)
Wands
 n - a wand of disintegration (14/24)
Scrolls
 e - 3 scrolls of identify {unknown}
 h - a scroll of blinking {unknown}
 j - a scroll of fog {unknown}
 k - a scroll of fear {unknown}
 l - a scroll of immolation {unknown}
 m - 4 scrolls of remove curse {unknown}
 p - a scroll of magic mapping {unknown}
 r - a scroll of teleportation {unknown}
Potions
 g - a potion of invisibility {unknown}
 i - 2 potions of flight {unknown}
Comestibles
 c - a meat ration
 f - 4 bread rations


   Skills:
 + Level 3.7 Fighting
 + Level 4.5 Long Blades
 - Level 2.0 Throwing
 + Level 1.7 Armour
 + Level 4.1 Dodging


You had 3 spell levels left.
You didn't know any spells.

Dungeon Overview and Level Annotations

Branches:
Dungeon (3/15)

Altars:
Elyvilon
Vehumet


Innate Abilities, Weirdness & Mutations

Shadows flee at your approach. (+LOS)
You can swim through water.
You cover ground slowly.
You can hop short distances.


Message History

You slash the orc!
You kill the orc!
The gnoll hits you from afar with a halberd!
You hit the gnoll.
The gnoll is moderately wounded.
The gnoll completely misses you. The gnoll closely misses you.
You barely miss the gnoll.
The gnoll is moderately wounded.
The gnoll hits you with a club.
The gnoll hits you from afar with a halberd!
* * * LOW HITPOINT WARNING * * *
The gnoll closely misses you.
You closely miss the gnoll.
The gnoll is moderately wounded.
The gnoll closely misses you. x2; You riposte.
You hit the gnoll.
The gnoll is heavily wounded.
You hit the gnoll.
The gnoll is severely wounded.
The gnoll hits you from afar with a halberd!
You die...

#......#..# #......# .#
#......#..# #...#.....# #
#......#### ###########
#...#..#### .##..>....#
#..g.......
....#####.######g###.####
.#### #.........@# .# .#
#.#.######## .# .# #.#.#
.# #...# .# #.### .# #.#
.## #.# ..#####.#
...[....#


You could see 2 gnolls.

Vanquished Creatures
  3 adders
  2 oozes (D:1)
  A worm (D:2)
  A dart slug (D:2)
  2 leopard geckos
  4 orcs (D:3)
  2 ball pythons (D:1)
  6 giant cockroaches
  6 goblins
  4 hobgoblins
  3 kobolds (D:1)
  A quokka (D:2)
  6 bats
  4 frilled lizards (D:1)
  14 rats
59 creatures vanquished.

Vanquished Creatures (others)
  A bat (D:2)
1 creature vanquished.

Grand Total: 60 creatures vanquished

Notes
Turn   | Place    | Note
-------+----------+-------------------------------------------
     0 | D:1      | FollowTheCloud the Barachi Gladiator began the quest for the Orb.
     0 | D:1      | Reached XP level 1. HP: 17/17 MP: 1/1
    30 | D:1      | Reached XP level 2. HP: 17/23 MP: 2/2
   521 | D:1      | Reached XP level 3. HP: 28/28 MP: 3/3
  1144 | D:2      | Reached skill level 1 in Armour
  1144 | D:2      | Reached XP level 4. HP: 29/35 MP: 4/4
  1283 | D:2      | Found a white marble altar of Elyvilon.
  1423 | D:2      | Found a radiant altar of Vehumet.
  2061 | D:3      | Found a faded altar of an unknown god.
  2117 | D:3      | Slain by a gnoll

Skill      XL: |  1  2  3 |
---------------+----------+-----
Long Blades    | 4 |  4.5
Dodging        | 4 |  4.1
Fighting       | 3 |  3.7
Armour         | 1 |  1.7
Throwing       | |  2.0

Action                   |  1- 3 |  4- 6 || total
-------------------------+-------+-------++-------
Melee: Long sword        |    92 |    50 ||   142
 Stab: Sleeping          |     1 |       ||     1
  Eat: Chunk             |     1 |     4 ||     5
Armor: Leather armour    |    35 |    10 ||    45
Dodge: Dodged            |    90 |    40 ||   130
       Rpst.: Long sword |    32 |    12 ||    44
